 Dungeon Crawl Stone Soup version 0.17.1-1-g73c8601 (webtiles) character file.

968 zhaorenw the Ruffian (level 7, -1/71 HPs)
             Began as a Troll Fighter on Dec 30, 2015.
             Slain by a hell rat (15 damage)
             ... on level 5 of the Dungeon.
             The game lasted 00:04:53 (3115 turns).

zhaorenw the Ruffian (Troll Fighter)                Turns: 3115, Time: 00:04:54

Health: -1/71      AC:  8    Str: 26    XL:     7   Next: 93%
Magic:  6/6        EV:  9    Int:  4    God:
Gold:   184        SH:  0    Dex: 10    Spells: 0 memorised, 6 levels left

rFire  . . .     SeeInvis .       - Unarmed
rCold  . . .     Clarity  .     a - +0 robe
rNeg   . . .     SustAt   .     (no shield)
rPois  .         Gourm    +     (helmet restricted)
rElec  .         Spirit   .     j - +2 cloak
rCorr  .         Warding  .     (gloves unavailable)
rMut   .         Stasis   .     (boots unavailable)
MR     .....                    f - amulet of rage {+Rage, !d}
Stlth  +.........               (no ring)
                                (no ring)

@: about to teleport, heavily drained, not resistant to hostile enchantments,
very unstealthy
A: unfitting armour, claws 3, fast metabolism 3, gourmand, regeneration 2,
shaggy fur 1, tough skin 2
a: Evoke Berserk Rage


You were on level 5 of the Dungeon.
You were not hungry.

You visited 1 branch of the dungeon, and saw 5 of its levels.

You collected 184 gold pieces.

Inventory:

Hand Weapons
 e - a +5 club
   (You took it off Ijyb on level 2 of the Dungeon)
 k - a +2 antimagic dagger
   (You took it off an orc on level 3 of the Dungeon)
 u - a +1 whip of freezing
   (You took it off Pikel on level 4 of the Dungeon)
Armour
 a - a +0 robe (worn)
 b - a +0 shield
 j - a +2 cloak (worn)
   (You found it on level 1 of the Dungeon)
Jewellery
 f - an amulet of rage (around neck) {+Rage, !d}
   (You found it on level 1 of the Dungeon)
 o - an uncursed ring of protection from cold {rC+, !d}
   (You found it on level 3 of the Dungeon)
Wands
 x - a wand of lightning (10)
   (You found it on level 4 of the Dungeon)
Scrolls
 l - a scroll of immolation {unknown}
 n - 2 scrolls of remove curse
 t - a scroll of magic mapping {unknown}
 v - a scroll of fear {unknown}
 w - a scroll of enchant weapon {unknown}
Potions
 c - a potion of might
 g - 2 potions of lignification {!q}
 h - a potion of cure mutation {unknown}
 i - 2 potions of heal wounds
 p - a potion of flight
 q - a potion of haste {unknown}
 s - a potion of resistance
Comestibles
 d - 5 bread rations {@e1}


   Skills:
 + Level 4.8(3.4) Fighting
 - Level 2.4(1.1) Dodging
 - Level 2.4(1.1) Shields
 + Level 7.9(6.4) Unarmed Combat


You had 6 spell levels left.
You didn't know any spells.

Dungeon Overview and Level Annotations

Branches:
Dungeon (5/15)
 Temple: D:4-7

Altars:
Dithmenos


Innate Abilities, Weirdness & Mutations

You are too large for most types of armour.
You have claws for hands.
Your metabolism is lightning-fast.
You like to eat raw meat.
You heal very quickly.
You are covered in fur (AC +1).
You have very tough skin (AC +2).


Message History

v - a scroll labeled NEASIY TOORUO Health restored: 71
r - 2 scrolls labeled NOLIMO GIFYPPA (gained 1)
A hound skeleton comes into view.
A hound skeleton is nearby!
A hound skeleton is nearby!
You mangle the hound skeleton!!
You destroy the hound skeleton!
No target in view!
You are feeling hungry.
No target in view!
You are feeling very hungry.
No target in view!
No target in view!
i - 2 potions of heal wounds (gained 1)
There is a stone staircase leading up here.
You see here 13 bolts of penetration.
You now have 174 gold pieces (gained 7).
You are near starving!
No target in view!
Things that are here:
a robe; an animal skin You are starving!
Eat which item? (? for menu, Esc to quit)
You continue eating. x2
You finish eating.
That meat ration really hit the spot!
You see here 16 stones.
Done exploring.
Done exploring.
Done exploring.
Done exploring.
Done exploring.
Done exploring.
(D) Dungeon
Where to? (Enter - D:4, ? - help)
There is a stone staircase leading up here.
You see here 13 bolts of penetration.
There is a stone staircase leading down here.
You climb downwards.
You hear the sound of rushing water.
There is an entrance to a sewer on this level.
Hurry and find it before the portal rusts away!
There is a stone staircase leading up here.
Unknown command.
Read which item? (? for menu, Esc to quit)
As you read the scroll labeled NOLIMO GIFYPPA, it crumbles to dust.
You feel strangely unstable.
It was a scroll of teleportation.
You now have 184 gold pieces (gained 10).
Your surroundings suddenly seem different.
The hell rat bites you.
You feel drained. The rat bites you.
The rat bites you but does no damage. 4 rats, a river rat and a hell rat come into view.
You take 10 damage, and have 61/71 hp.
You claw the river rat! The hell rat closely misses you.
You scratch the river rat but do no damage.
The hell rat closely misses you. The rat bites you but does no damage.
The river rat barely misses you. The rat closely misses you.
The rat completely misses you.
You barely miss the river rat.
The hell rat bites you but does no damage.
The rat barely misses you. The river rat barely misses you.
The rat closely misses you. The rat misses you.
You mangle the river rat!!
You kill the river rat!
The hell rat barely misses you. The rat closely misses you.
The rat bites you but does no damage.
You completely miss the rat. The hell rat bites you!
You feel drained.
The rat bites you but does no damage. x2
The rat barely misses you. x2
The hell rat bites you!
You feel drained.
You take 28 damage, and have 35/71 hp.
MASSIVE DAMAGE!!
You scratch the hell rat but do no damage.
The rat bites you but does no damage. The rat closely misses you.
The rat barely misses you. The hell rat bites you!
You take 8 damage, and have 27/71 hp.
You barely miss the hell rat. The rat bites you but does no damage.
The rat bites you but does no damage. The hell rat bites you!
* * * LOW HITPOINT WARNING * * *
You feel drained.
* * * LOW HITPOINT WARNING * * *
The rat bites you.
* * * LOW HITPOINT WARNING * * *
The rat bites you but does no damage.
You take 13 damage, and have 14/71 hp.
You closely miss the rat. Your claw misses the rat.
The rat bites you but does no damage. The hell rat closely misses you.
The rat bites you.
* * * LOW HITPOINT WARNING * * *
You take 1 damage, and have 13/71 hp.
Unknown command.
Read which item? (? for menu, Esc to quit)
As you read the scroll of teleportation, it crumbles to dust.
You feel strangely unstable.
The rat bites you but does no damage. x3
The hell rat bites you!
You die...

# ## #. ..
#.# #.##
#.##..###
#......##
##.......#
#...rrr.#
#%r@r#
######


You could see a hell rat and 4 rats.

Vanquished Creatures
  Pikel (D:4)
  The ghost of bigmoist the Ruffian, an amateur TrMo (D:3)
  An ogre (D:4)
  A slave (D:4)
  A scorpion (D:4)
  A hound (D:4)
  2 orc wizards (D:3)
  Ijyb (D:2)
  An orc priest (D:3)
  A worker ant (D:4)
  A hound skeleton (D:4)
  A river rat (D:5)
  2 adders
  An ooze (D:3)
  An adder skeleton (D:4)
  4 giant geckos
  4 orcs (D:3)
  2 ball pythons
  8 goblins
  5 hobgoblins
  6 kobolds
  A quokka (D:3)
  6 bats
  8 giant cockroaches
  3 giant newts
  5 rats
69 creatures vanquished.

Vanquished Creatures (others)
  A giant newt (D:4)
1 creature vanquished.

Grand Total: 70 creatures vanquished

Notes
Turn   | Place    | Note
--------------------------------------------------------------
     0 | D:1      | zhaorenw the Troll Fighter began the quest for the Orb.
     0 | D:1      | Reached XP level 1. HP: 22/22 MP: 0/0
   348 | D:1      | Reached XP level 2. HP: 29/29 MP: 1/1
   525 | D:2      | Reached skill level 3 in Unarmed Combat
   627 | D:2      | Noticed Ijyb
   647 | D:2      | Killed Ijyb
   647 | D:2      | Reached XP level 3. HP: 22/36 MP: 2/2
   652 | D:2      | Found a shadowy altar of Dithmenos.
   724 | D:2      | Reached skill level 4 in Unarmed Combat
  1011 | D:2      | Reached XP level 4. HP: 42/44 MP: 3/3
  1243 | D:3      | Reached skill level 5 in Unarmed Combat
  1369 | D:3      | Reached XP level 5. HP: 50/50 MP: 4/4
  1799 | D:3      | Noticed bigmoist's ghost (amateur TrMo)
  1813 | D:3      | HP: 9/50 [bigmoist's ghost (5)]
  1819 | D:3      | HP: 10/50 [bigmoist's ghost (4)]
  1824 | D:3      | HP: 6/50 [bigmoist's ghost (5)]
  1910 | D:3      | Killed bigmoist's ghost
  1910 | D:3      | Reached skill level 6 in Unarmed Combat
  2002 | D:3      | Reached XP level 6. HP: 59/59 MP: 5/5
  2211 | D:4      | Reached skill level 3 in Fighting
  2317 | D:4      | Noticed Pikel
  2348 | D:4      | Killed Pikel
  2348 | D:4      | Reached skill level 4 in Fighting
  2348 | D:4      | Reached skill level 7 in Unarmed Combat
  2348 | D:4      | Reached XP level 7. HP: 55/71 MP: 6/6
  3097 | D:5      | Entered Level 5 of the Dungeon
  3113 | D:5      | HP: 16/71 [hell rat (3)]
  3115 | D:5      | Slain by a hell rat

Action                   |  1- 3 |  4- 6 |  7- 9 || total
-------------------------+-------+-------+-------++-------
Melee: Unarmed           |    62 |    69 |    19 ||   150
       Club              |    31 |    46 |       ||    77
 Abil: Evoke Berserk Rag |       |     3 |       ||     3
  Use: Scroll            |     6 |     1 |     3 ||    10
       Potion            |       |     1 |       ||     1
  Eat: Chunk             |    10 |    14 |       ||    24
       Meat ration       |       |       |     1 ||     1

Vault maps used:
D:1:      evilmike_arrival_home_sweet_home, minivault_27
D:2:      first_bread, minmay_misc_feat_iff, nicolae_dithmenos_shadow_blocks,
          uniq_iyjb
D:3:      wad_crossroads, st_stairs_10
D:4:      uniq_pikel
D:5:      lemuel_ratsnest, portal_sewer_entry_f, kennysheep_generic_room_2

Table legend:
 A = Turns spent in this place as a percentage of turns spent in the entire game.
 B = Non-inter-level travel turns spent in this place as a percentage of non-inter-level travel turns spent in the entire game.
 C = Inter-level travel turns spent in this place as a percentage of turns spent in this place.
 D = Turns resting spent in this place as a percentage of non-inter-level travel turns spent in this place.
 E = Turns spent auto-exploring this place as a percentage of non-inter-level travel turns spent in this place.
 F = Non-inter-level travel turns spent in this place divided by the number of levels of this place that you've seen.
                   A       B       C       D       E      F
               +-------+-------+-------+-------+-------+----------------------
         Total | 100.0 | 100.0 |   0.4 |   2.1 |  10.6 | 190.6
       Dungeon | 100.0 | 100.0 |   0.4 |   2.1 |  10.6 | 190.6
               +-------+-------+-------+-------+-------+----------------------

Table legend:
 A = Kills in this place as a percentage of kills in entire the game.
 B = Kills by you in this place as a percentage of kills by you in the entire game.
 C = Kills by friends in this place as a percentage of kills by friends in the entire game.
 D = Other kills in this place as a percentage of other kills in the entire game.
 E = Experience gained in this place as a percentage of experience gained in the entire game.
 F = Experience gained in this place divided by the number of levels of this place that you have seen.
                   A       B       C       D       E      F
               +-------+-------+-------+-------+-------+----------------------
         Total | 100.0 | 100.0 |  -nan |  -nan | 100.0 | 276.6
       Dungeon | 100.0 | 100.0 |  -nan |  -nan | 100.0 | 276.6
               +-------+-------+-------+-------+-------+----------------------
